 Dungeon Crawl Stone Soup version 0.20.0-15-g7f486f2 (webtiles) character file.

122 Firecrotchwizard the Insei (level 5, -2/37 HPs)
             Began as a Merfolk Transmuter on June 12, 2017.
             Killed by divine providence
             ... invoked by an orc priest
              (9 damage)
             ... on level 3 of the Dungeon.
             The game lasted 00:07:18 (2834 turns).

Firecrotchwizard the Insei (Merfolk Transmuter)     Turns: 2834, Time: 00:07:19

Health: -2/37      AC:  2    Str: 11    XL:     5   Next: 6%
Magic:  2/8        EV: 13    Int: 13    God:
Gold:   66         SH:  0    Dex: 14    Spells: 2/8 levels left

rFire    . . .     SeeInvis .     - Unarmed
rCold    . . .     Gourm    .   (no shield)
rNeg     . . .     Faith    .   b - +0 robe
rPois    .         Spirit   .   (no helmet)
rElec    .         Reflect  .   (no cloak)
rCorr    .         Harm     .   (no gloves)
MR       .....                  (no boots)
Stlth    +.........             (no amulet)
Regen    0.2/turn               (no ring)
MPRegen  0.2/turn               (no ring)

@: appendage (expiring), very slightly contaminated
A: change form in water, swift swim, stealthy swim, horns 2
a: End Transformation


You were on level 3 of the Dungeon.
You were not hungry.
You had grown temporary horns.
You visited 1 branch of the dungeon, and saw 3 of its levels.

You collected 66 gold pieces.

Inventory:

Hand Weapons
 i - a +2 dagger of electrocution
   (You took it off a goblin on level 1 of the Dungeon)
 m - a +0 mace of crushing
   (You found it on level 1 of the Dungeon)
 u - a +0 dagger of protection
   (You took it off a kobold on level 2 of the Dungeon)
 v - a cursed -2 mace
   (You found it on level 2 of the Dungeon)
Missiles
 a - 65 arrows
Armour
 b - a +0 robe (worn)
 k - a +0 ring mail
   (You found it on level 1 of the Dungeon)
 x - a +0 buckler
   (You found it on level 2 of the Dungeon)
Magical Staves
 y - an uncursed staff of earth {unknown}
   (You found it on level 3 of the Dungeon)
Scrolls
 e - a scroll of recharging {unknown}
 h - 2 scrolls of enchant armour {unknown}
 j - a scroll of fog {unknown}
 l - 2 scrolls of teleportation {unknown}
 o - a scroll of random uselessness {unknown}
 q - 3 scrolls of remove curse {unknown}
 r - a scroll of amnesia {unknown}
 B - a scroll of enchant weapon {unknown}
Potions
 g - 2 potions of lignification {unknown}
 n - a potion of haste
 p - a potion of curing
 s - a potion of might {unknown}
 t - a potion of cancellation {unknown}
 w - a potion of ambrosia {unknown}
Books
 c - a book of Changes
Comestibles
 d - 4 bread rations {@e1}
 f - 3 royal jellies
 z - a meat ration {@e2}
 A - 4 chunks of flesh {@w0}


   Skills:
 - Level 1.1 Fighting
 - Level 2.6 Dodging
 * Level 5.3 Unarmed Combat
 - Level 2.0 Spellcasting
 + Level 4.4 Transmutations


You had 2 spell levels left.
You knew the following spells:

 Your Spells              Type           Power        Failure   Level  Hunger
a - Beastly Appendage     Tmut           ##....       4%          1    ##.....
c - Spider Form           Tmut/Pois      #.........   30%         3    ####...
s - Sticks to Snakes      Tmut           ##......     6%          2    ###....


Dungeon Overview and Level Annotations

Branches:
Dungeon (3/15)

Altars:


Innate Abilities, Weirdness & Mutations

You revert to your normal form in water.
You are very nimble and swift while swimming.
You are very stealthy in the water. (Stealth+)
You have a pair of horns on your head.


Message History

The orc shouts!
You closely miss the orc. You headbutt the orc, but do no damage.
The orc barely misses you.
You hit the orc but do no damage. You hit the orc but do no damage.
The orc closely misses you.
You hit the orc. The orc hits you with a war axe!
You take 9 damage, and have 26/37 hp.
MASSIVE DAMAGE!!
You hit the orc but do no damage. You headbutt the orc.
You kill the orc!
MP restored: 8 No target in view!
You start resting.
Your transformation is almost over.
You start resting.
Your horns disappear.
You start resting.
Health restored: 37
Things that are here:
a war axe; a scale mail; an orc corpse You butcher the orc corpse.
A - 6 chunks of flesh {@w0} (gained 4)
Things that are here:
a war axe; a scale mail; an orc skeleton A bat comes into view.
A bat is nearby!
An orc comes into view. It is wielding a trident.
The orc shouts!
The bat barely misses you. The bat barely misses you.
You closely miss the bat. The bat completely misses you.
You grow a pair of large bovine horns.
You are feeling hungry.
The bat hits you but does no damage.
You now have 7/8 mp.
You hit the bat. Your headbutt misses the bat. The bat hits you.
You take 1 damage, and have 36/37 hp.
You hit the bat.
You kill the bat!
The orc closely misses you. The orc hits you with a trident!
You take 9 damage, and have 27/37 hp.
MASSIVE DAMAGE!!
You punch the orc!
You kill the orc!
No target in view!
Autoeating chunks.
Eating one of 6 chunks of flesh {@w0}.
You eat one of the 6 chunks of flesh {@w0}.
You start resting.
Your transformation is almost over.
MP restored: 8 You start resting.
Your horns disappear.
You start resting.
Some of the chunks of flesh in your inventory have rotted away.
An orc comes into view. It is wielding a falchion.
You regained 6 hp, and now have 35/37 hp.
An orc is nearby!
Unknown command.
You grow a pair of large bovine horns.
The orc shouts!
You now have 7/8 mp.
The orc throws a tomahawk.
The tomahawk closely misses you.
The orc throws a tomahawk.
The tomahawk completely misses you.
An orc comes into view.
The orc throws a tomahawk.
The tomahawk barely misses you.
A rat comes into view.
An orc priest comes into view. It is wielding a club.
The orc priest shouts!
The orc throws a tomahawk.
The tomahawk hits you.
The orc priest invokes the aid of Beogh against you.
Beogh smites you!
You see here a tomahawk.
You take 16 damage, and have 20/37 hp.
MASSIVE DAMAGE!!
Your transformation is almost over.
The orc hits you with a falchion.
You take 3 damage, and have 17/37 hp.
You are too injured to fight recklessly!
Unknown command.
You don't know that spell.
Okay, then.
You create a snake!
You now have 66 arrows.
The orc hits your ball python.
Your ball python dies!
The orc hits you with a falchion.
You take 3 damage, and have 14/37 hp.
You now have 5/8 mp.
Casting: Sticks to Snakes You miscast Sticks to Snakes.
You are very lightly contaminated with residual magic.
The air around you crackles with energy!
You now have 3/8 mp.
Casting: Sticks to Snakes You create a snake!
You now have 65 arrows.
The orc hits your ball python. The orc hits you with a falchion!
* * * LOW HITPOINT WARNING * * *
The rat barely misses you.
The orc priest invokes the aid of Beogh against you.
Beogh smites you!
You die...

#............# #.#.#...#
#.........##.# #...#...#.
#.....((..##.# #...#...(.
#.....)...##.# #...#..###
#........†##.###.#.......
#.........##.....)....#
#.........##....###.#.#
#.......(^##....# #.#.#
........@o##....# #.#.#
........rS......###.#.#
####......o(#.....#...#
#....o.........##..###
#.........##...##.....
#.....................
#........###......>...
#......o.. #.#####....
#.# #....


You could see an orc priest, 3 orcs, a rat and a friendly ball python.

Vanquished Creatures
  An orc wizard (D:3)
  4 adders (D:2)
  A leopard gecko (D:2)
  4 orcs (D:3)
  8 bats
  8 hobgoblins
  2 jackals (D:2)
  10 frilled lizards
  6 goblins
  7 kobolds
  8 rats
59 creatures vanquished.

Notes
Turn   | Place    | Note
-------+----------+-------------------------------------------
     0 | D:1      | Firecrotchwizard the Merfolk Transmuter began the quest for the Orb.
     0 | D:1      | Reached XP level 1. HP: 15/15 MP: 3/3
   419 | D:1      | Reached skill level 3 in Transmutations
   419 | D:1      | Reached XP level 2. HP: 20/21 MP: 3/5
   505 | D:1      | HP: 4/21 [hobgoblin (2)]
   941 | D:1      | Learned a level 2 spell: Sticks to Snakes
  1064 | D:1      | Reached skill level 4 in Unarmed Combat
  1191 | D:2      | Reached XP level 3. HP: 8/26 MP: 4/6
  1193 | D:2      | HP: 6/26 [poisoned by an adder]
  1198 | D:2      | HP: 3/26 [poisoned by an adder]
  1728 | D:2      | Reached XP level 4. HP: 21/32 MP: 5/7
  1936 | D:2      | Reached skill level 4 in Transmutations
  2172 | D:2      | Learned a level 3 spell: Spider Form
  2253 | D:2      | Reached skill level 5 in Unarmed Combat
  2562 | D:3      | Found a faded altar of an unknown god.
  2599 | D:3      | Reached XP level 5. HP: 29/37 MP: 6/8
  2834 | D:3      | HP: 7/37 [orc/falchion (7)]
  2834 | D:3      | Killed from afar by an orc priest

Skill      XL: |  1  2  3  4 |
---------------+-------------+-----
Transmutations | 3 4 |  4.4
Unarmed Combat | 4 5 |  5.3
Fighting       | |  1.1
Dodging        | |  2.6
Spellcasting   | |  2.0

Action                   |  1- 3 |  4- 6 || total
-------------------------+-------+-------++-------
Melee: Unarmed           |   108 |    61 ||   169
       Dagger            |     3 |       ||     3
       Punch             |     2 |       ||     2
       Headbutt          |     9 |     3 ||    12
 Cast: Beastly Appendage |    14 |    10 ||    24
       Sticks to Snakes  |       |     2 ||     2
  Use: Potion            |     1 |       ||     1
 Stab: Sleeping          |     2 |       ||     2
  Eat: Chunk             |     3 |     4 ||     7
Armor: Robe              |    22 |     7 ||    29
Dodge: Dodged            |    86 |    58 ||   144

Vault maps used:
D:1:      eino_arrival_cavern_d, hangedman_decor_points
D:2:      first_bread, minmay_lizard_king
D:3:      chequers_ecumenical_altar_island, uniq_terence

Table legend:
 A = Turns spent in this place as a percentage of turns spent in the entire game.
 B = Non-inter-level travel turns spent in this place as a percentage of non-inter-level travel turns spent in the entire game.
 C = Inter-level travel turns spent in this place as a percentage of turns spent in this place.
 D = Turns resting spent in this place as a percentage of non-inter-level travel turns spent in this place.
 E = Turns spent auto-exploring this place as a percentage of non-inter-level travel turns spent in this place.
 F = Non-inter-level travel turns spent in this place divided by the number of levels of this place that you've seen.
                   A       B       C       D       E      F
               +-------+-------+-------+-------+-------+----------------------
         Total | 100.0 | 100.0 |   0.3 |  11.8 |  10.6 | 217.0
       Dungeon | 100.0 | 100.0 |   0.3 |  11.8 |  10.6 | 217.0
               +-------+-------+-------+-------+-------+----------------------

Table legend:
 A = Kills in this place as a percentage of kills in entire the game.
 B = Kills by you in this place as a percentage of kills by you in the entire game.
 C = Kills by friends in this place as a percentage of kills by friends in the entire game.
 D = Other kills in this place as a percentage of other kills in the entire game.
 E = Experience gained in this place as a percentage of experience gained in the entire game.
 F = Experience gained in this place divided by the number of levels of this place that you have seen.
                   A       B       C       D       E      F
               +-------+-------+-------+-------+-------+----------------------
         Total | 100.0 | 100.0 |  -nan |  -nan | 100.0 |  58.3
       Dungeon | 100.0 | 100.0 |  -nan |  -nan | 100.0 |  58.3
               +-------+-------+-------+-------+-------+----------------------
